 Dungeon Crawl Stone Soup version 0.29.1-12-g30fa7ad0bf (webtiles) character file.

Game seed: 12525881071311059172

99 sanboga the Chopper (level 4, -1/58 (61) HPs)
             Began as a Gnoll Berserker on Dec 13, 2022.
             Was a Believer of Trog.
             Succumbed to Crazy Yiuf's poison
             ... on level 2 of the Dungeon.
             The game lasted 00:01:29 (2007 turns).

sanboga the Chopper (Gnoll Berserker)               Turns: 2007, Time: 00:01:31

HP:   -1/58 (61)    AC:  6    Str: 18    XL:     4   Next: 72%
MP:   5/5           EV: 12    Int:  6    God:    Trog [**....]
Gold: 135           SH:  0    Dex: 12    Spells: 5/5 levels left

rFire   . . .      SeeInvis .   a - +0 hand axe
rCold   . . .      Faith    .   (no shield)
rNeg    . . .      Spirit   .   h - +0 ring mail
rPois   .          Reflect  .   (no helmet)
rElec   .          Harm     .   (no cloak)
rCorr   .          Rampage  .   (no gloves)
Will    .....                   (no boots)
Stlth   ..........              (no amulet)
HPRegen 0.19/turn               (no ring)
MPRegen 0.09/turn               (no ring)

@: berserking, lethally poisoned (-1 -> -17), lightly drained, very quick
A: fangs 1, strong nose, distributed training
a: Renounce Religion, Berserk, Trog's Hand


You were on level 2 of the Dungeon.
You worshipped Trog.
Trog was pleased with you.
You visited 1 branch of the dungeon, and saw 2 of its levels.

You collected 135 gold pieces.

Inventory:

Hand Weapons
 a - a +0 hand axe (weapon)
Armour
 h - a +0 ring mail (worn)
Scrolls
 b - a scroll of poison {unknown}
 c - 2 scrolls of identify {unknown}
 d - a scroll of teleportation {unknown}
 e - a scroll of blinking {unknown}
 f - 2 scrolls of noise {unknown}
 i - a scroll of enchant armour {unknown}
 j - a scroll of summoning {unknown}
 n - a scroll of immolation {unknown}
Potions
 g - a potion of degeneration {unknown}
 k - a potion of resistance {unknown}
 l - a potion of mutation {unknown}
 m - a potion of lignification {unknown}


   Skills:
 + Level 6.6 Fighting
 + Level 1.2 Short Blades
 + Level 1.2 Long Blades
 + Level 6.6 Axes
 + Level 1.2 Maces & Flails
 + Level 1.2 Polearms
 + Level 1.2 Staves
 + Level 1.2 Ranged Weapons
 + Level 1.2 Throwing
 + Level 4.7 Armour
 + Level 4.7 Dodging
 + Level 1.2 Stealth
 + Level 1.2 Shields
 + Level 1.2 Unarmed Combat
 + Level 1.2 Spellcasting
 + Level 1.0 Conjurations
 + Level 1.0 Hexes
 + Level 1.0 Summonings
 + Level 1.0 Necromancy
 + Level 1.0 Translocations
 + Level 1.0 Transmutations
 + Level 1.0 Fire Magic
 + Level 1.0 Ice Magic
 + Level 1.0 Air Magic
 + Level 1.0 Earth Magic
 + Level 1.0 Poison Magic
 + Level 1.4 Invocations
 + Level 1.2 Evocations


You had 5 spell levels left.
You didn't know any spells.
Your spell library was empty.

Dungeon Overview and Level Annotations

Branches:
Dungeon (2/15)

Altars:

Annotations:
D:2 Crazy Yiuf


Innate Abilities, Weirdness & Mutations

You have very sharp teeth.
Your uncanny sense of smell can sniff out nearby items.
Your experience applies equally to all skills.


Message History

You see here a +2 vorpal hammer.
No target in view!
Found six hammers.
Found a runed translucent door.
You see here a +0 hammer.
No target in view!
Found a hammer.
You see here a +1 hammer of protection.
No reachable target in view!
You see here a +0 hammer.
Found two hammers and a runed hammer.
You see here a +0 hammer.
You open the door.
Crazy Yiuf laughs, "Aardvark wrapper mobile!"
You slash Crazy Yiuf! You bite Crazy Yiuf, but do no damage.
Crazy Yiuf is moderately wounded.
Crazy Yiuf hits you with a +3 quarterstaff of chaos.
Crazy Yiuf freezes you.
You hit Crazy Yiuf but do no damage. Your bite misses Crazy Yiuf.
Crazy Yiuf is moderately wounded.
Crazy Yiuf hits you with a +3 quarterstaff of chaos.
You hit Crazy Yiuf. You bite Crazy Yiuf, but do no damage.
Crazy Yiuf is heavily wounded.
Crazy Yiuf hits you with a +3 quarterstaff of chaos.
Crazy Yiuf burns you.
You hit Crazy Yiuf but do no damage. Your bite misses Crazy Yiuf.
Crazy Yiuf is heavily wounded.
Crazy Yiuf hits you with a +3 quarterstaff of chaos.
You feel drained.
A red film seems to cover your vision as you go berserk!
You feel yourself moving faster!
You feel mighty!
Crazy Yiuf hits you with a +3 quarterstaff of chaos!
* * * LOW HITPOINT WARNING * * *
You are lethally poisoned!
You barely miss Crazy Yiuf.
Crazy Yiuf is heavily wounded.
* * * LOW HITPOINT WARNING * * *
You feel very sick.
You slash Crazy Yiuf!
Crazy Yiuf is almost dead.
You die...

###...#########
##....#####
#........# #####
#........# #).)#
#........# #)))#
#........# )))
###..##### #g#
#.....# #@##
#...#.###### ##)#
#........... #)##
#....####### ##)#
#....####... ##)##
#....##...## ##P.)#
#.......### #...P#
#....#### #....#
#....##
#....###.....######


You could see Crazy Yiuf.

Vanquished Creatures
  An orc priest (D:2)
  An orc wizard (D:2)
  A worm (D:2)
  A dart slug (D:1)
  An orc (D:2)
  3 ball pythons (D:1)
  3 endoplasms (D:1)
  2 giant cockroaches (D:1)
  4 goblins
  A hobgoblin (D:2)
  4 kobolds
  4 quokkas
  5 bats
  6 rats
37 creatures vanquished.

Notes
Turn   | Place    | Note
-------+----------+-------------------------------------------
     0 | D:1      | sanboga the Gnoll Berserker began the quest for the Orb.
     0 | D:1      | Reached XP level 1. HP: 23/23 MP: 1/1
   160 | D:1      | Reached XP level 2. HP: 29/29 MP: 2/2
   836 | D:1      | Reached XP level 3. HP: 35/35 MP: 3/3
   857 | D:1      | Found a faded altar of an unknown god.
  1333 | D:2      | Reached skill level 1 in Short Blades
  1333 | D:2      | Reached skill level 1 in Long Blades
  1333 | D:2      | Reached skill level 1 in Maces & Flails
  1333 | D:2      | Reached skill level 1 in Polearms
  1333 | D:2      | Reached skill level 1 in Staves
  1333 | D:2      | Reached skill level 1 in Ranged Weapons
  1333 | D:2      | Reached skill level 1 in Throwing
  1333 | D:2      | Reached skill level 1 in Stealth
  1333 | D:2      | Reached skill level 1 in Shields
  1333 | D:2      | Reached skill level 1 in Unarmed Combat
  1333 | D:2      | Reached skill level 1 in Spellcasting
  1333 | D:2      | Reached skill level 1 in Invocations
  1333 | D:2      | Reached skill level 1 in Evocations
  1333 | D:2      | Reached XP level 4. HP: 18/41 MP: 3/5
  1336 | D:2      | Reached skill level 1 in Conjurations
  1336 | D:2      | Reached skill level 1 in Hexes
  1336 | D:2      | Reached skill level 1 in Summonings
  1336 | D:2      | Reached skill level 1 in Necromancy
  1336 | D:2      | Reached skill level 1 in Translocations
  1336 | D:2      | Reached skill level 1 in Transmutations
  1336 | D:2      | Reached skill level 1 in Fire Magic
  1336 | D:2      | Reached skill level 1 in Ice Magic
  1336 | D:2      | Reached skill level 1 in Air Magic
  1336 | D:2      | Reached skill level 1 in Earth Magic
  1336 | D:2      | Reached skill level 1 in Poison Magic
  1707 | D:2      | Reached ** piety under Trog
  1996 | D:2      | Found a runed translucent door.
  1997 | D:2      | Noticed Crazy Yiuf
  2006 | D:2      | HP: 1/58 [poisoned by Crazy Yiuf]
  2007 | D:2      | Succumbed to Crazy Yiuf's poison

Illustrated notes

Levels and vault maps discovered:
D:1:      scummos_arrival_star, layout_loops_ring,
          dreamdust_ecumenical_altar_angels_and_demons, kennysheep_another_room
D:2:      layout_rooms, uniq_crazy_yiuf_cottage

Skill      XL: |  1  2  3  4 |
---------------+-------------+-----
Short Blades   | 1 |  1.2
Long Blades    | 1 |  1.2
Maces & Flails | 1 |  1.2
Polearms       | 1 |  1.2
Staves         | 1 |  1.2
Ranged Weapons | 1 |  1.2
Throwing       | 1 |  1.2
Stealth        | 1 |  1.2
Shields        | 1 |  1.2
Unarmed Combat | 1 |  1.2
Spellcasting   | 1 |  1.2
Invocations    | 1 |  1.4
Evocations     | 1 |  1.2
Conjurations   | 1 |  1.0
Hexes          | 1 |  1.0
Summonings     | 1 |  1.0
Necromancy     | 1 |  1.0
Translocations | 1 |  1.0
Transmutations | 1 |  1.0
Fire Magic     | 1 |  1.0
Ice Magic      | 1 |  1.0
Air Magic      | 1 |  1.0
Earth Magic    | 1 |  1.0
Poison Magic   | 1 |  1.0
Fighting       | |  6.6
Axes           | |  6.6
Armour         | |  4.7
Dodging        | |  4.7

Action                   |  1- 3 |  4- 6 || total
-------------------------+-------+-------++-------
Melee: Hand axe          |    84 |    31 ||   115
       Bite              |     8 |     3 ||    11
Invok: Berserk           |     1 |     1 ||     2
Armor: Ring mail         |    27 |     5 ||    32
       Animal skin       |     1 |       ||     1
Dodge: Dodged            |    76 |     8 ||    84
